 Dungeon Crawl Stone Soup version 0.25-a0-425-g0e000e855e (webtiles) character file.

Game seed: 14630066900803251348, levelgen mode: deterministic

96 Elellon the Magician (level 4, -3/24 HPs)
             Began as a Deep Elf Fire Elementalist on Jan 24, 2020.
             Killed from afar by Ijyb (11 damage)
             ... with a puff of flame
             ... on level 3 of the Dungeon.
             The game lasted 00:05:01 (2709 turns).

Elellon the Magician (Deep Elf Fire Elementalist)   Turns: 2709, Time: 00:05:02

Health: -3/24      AC:  2    Str:  6    XL:     4   Next: 41%
Magic:  1/13       EV: 13    Int: 20    God:
Gold:   90         SH:  0    Dex: 15    Spells: 12/13 levels left

rFire    . . .     SeeInvis .   (no weapon)
rCold    . . .     Gourm    .   (no shield)
rNeg     . . .     Faith    .   a - +0 robe
rPois    .         Spirit   .   (no helmet)
rElec    .         Reflect  .   (no cloak)
rCorr    .         Harm     .   (no gloves)
MR       .....                  (no boots)
Stlth    ++........             (no amulet)
HPRegen  0.08/turn              (no ring)
MPRegen  0.13/turn              (no ring)

@: no status effects
A: no striking features
a: no special abilities


You were on level 3 of the Dungeon.
You were very hungry.

You visited 1 branch of the dungeon, and saw 3 of its levels.

You collected 90 gold pieces.

Inventory:

Hand Weapons
 k - a +0 dagger
Missiles
 l - 71 stones (quivered)
Armour
 a - a +0 robe (worn)
Scrolls
 d - 3 scrolls of amnesia {unknown}
 g - 3 scrolls of identify {unknown}
 i - 2 scrolls of remove curse {unknown}
 m - a scroll of random uselessness {unknown}
Potions
 b - a potion of berserk rage {unknown}
 e - a potion of cancellation {unknown}
 f - a potion of invisibility {unknown}
 h - a potion of curing {unknown}
 j - a potion of heal wounds {unknown}
 n - 2 potions of agility {unknown}
 o - 2 potions of brilliance {unknown}
 p - 2 potions of mutation {unknown}
Comestibles
 c - 5 rations


   Skills:
 - Level 2.4 Dodging
 - Level 2.4 Stealth
 + Level 5.0 Spellcasting
 - Level 1.1 Conjurations
 + Level 4.7 Fire Magic


You had 12 spell levels left.
You knew the following spells:

 Your Spells              Type           Power        Failure   Level  Hunger
a - Foxfire               Conj/Fire      ###.         3%          1    None

Your spell library contained the following spells:

 Spells                   Type           Power        Failure   Level  Hunger
 Conjure Flame            Conj/Fire      ###.....     11%         3    ##.....
 Inner Flame              Hex/Fire       ##......     13%         3    ##.....
 Sticky Flame             Conj/Fire      ###.....     34%         4    ####...
 Fireball                 Conj/Fire      ###.......   69%         5    #####..


Dungeon Overview and Level Annotations

Branches:
Dungeon (3/15)

Altars:
Okawaru

Annotations:
D:3 Ijyb


Message History

The foxfire hits Ijyb but does no damage.
Ijyb is moderately wounded.
Ijyb completely misses you.
Casting: Foxfire (safe; 3% risk of failure)
Confirm with . or Enter, or press ? or * to list all spells.
You conjure some foxfire!
The foxfire hits Ijyb but does no damage.
Ijyb is moderately wounded.
Ijyb hits you with a +0 club.
Casting: Foxfire (safe; 3% risk of failure)
Confirm with . or Enter, or press ? or * to list all spells.
You conjure some foxfire!
The foxfire hits Ijyb but does no damage.
Ijyb is moderately wounded.
The foxfire hits Ijyb but does no damage.
Ijyb is moderately wounded.
The foxfire hits Ijyb.
Ijyb is moderately wounded.
Ijyb zaps a wand.
The puff of flame hits you!
You die...

########## #
#........#
..#.#........
......vgv.#
#..@.#
#.#ยง## # ...
##.## #+#


You could see Ijyb.

Vanquished Creatures
  3 adders (D:2)
  An ooze (D:2)
  5 dart slugs
  2 leopard geckos
  7 bats
  2 giant cockroaches (D:1)
  8 goblins
  4 hobgoblins
  2 jackals (D:1)
  8 kobolds
  A quokka (D:2)
  A ball python (D:2)
  3 frilled lizards (D:2)
  6 rats
53 creatures vanquished.

Vanquished Creatures (others)
  177 foxfires
177 creatures vanquished.

Grand Total: 230 creatures vanquished

Notes
Turn   | Place    | Note
-------+----------+-------------------------------------------
     0 | D:1      | Elellon the Deep Elf Fire Elementalist began the quest for
                  | the Orb.
     0 | D:1      | Reached XP level 1. HP: 10/10 MP: 6/6
   243 | D:1      | Reached XP level 2. HP: 15/15 MP: 5/8
   689 | D:1      | Reached skill level 4 in Spellcasting
   915 | D:1      | Reached XP level 3. HP: 19/19 MP: 8/10
  1878 | D:2      | Reached XP level 4. HP: 24/24 MP: 5/12
  2012 | D:2      | Found an iron altar of Okawaru.
  2357 | D:2      | Reached skill level 5 in Spellcasting
  2696 | D:3      | Noticed Ijyb
  2709 | D:3      | Killed from afar by Ijyb

Levels and vault maps discovered:
D:1:      giann_horns, layout_basic, interstate_on_off
D:2:      layout_loops_ring, st_stairs_9, okawaru_gym_becter
D:3:      layout_loops_corners, led_sif_book, minmay_circle_x,
          uniq_crazy_yiuf_cottage, uniq_sigmund, uniq_ijyb

Skill      XL: |  1  2  3  4 |
---------------+-------------+-----
Spellcasting   | 4 5 |  5.0
Fire Magic     | 4 |  4.7
Dodging        | |  2.4
Stealth        | |  2.4
Conjurations   | |  1.1

Action                   |  1- 3 |  4- 6 || total
-------------------------+-------+-------++-------
 Cast: Foxfire           |    86 |    42 ||   128
  Eat: Chunk             |     3 |     1 ||     4
Armor: Robe              |     7 |     1 ||     8
Dodge: Dodged            |    35 |     9 ||    44

Table legend:
 A = Non-vault XP
 B = Vault XP
 C = Vault XP percentage of total XP
 D = Non-vault monster count
 E = Vault monster count
 F = Vault count percentage of total count
                 A         B        C        D         E       F
            +---------+---------+-------+---------+---------+-------
      Total |     134 |       4 |   2.9 |      50 |       3 |   5.7
            +---------+---------+-------+---------+---------+-------
        D:1 |      60 |       0 |   0.0 |      30 |       0 |   0.0
        D:2 |      74 |       4 |   5.1 |      20 |       3 |  13.0
            +---------+---------+-------+---------+---------+-------
